 Dungeon Crawl Stone Soup version 0.28-a0-969-g2dcde036d2 (webtiles) character file.

Game seed: 4995416506855657846

88 Ijustatesigmund the Charlatan (level 4, -6/34 HPs)
             Began as a Gnoll Artificer on Dec 1, 2021.
             Mangled by Terence (15 damage)
             ... on level 3 of the Dungeon.
             The game lasted 00:03:58 (3063 turns).

Ijustatesigmund the Charlatan (Gnoll Artificer)     Turns: 3063, Time: 00:03:59

Health: -6/34      AC:  8    Str: 11    XL:     4   Next: 54%
Magic:  5/5        EV: 11    Int: 13    God:
Gold:   108        SH:  0    Dex: 12    Spells: 5/5 levels left

rFire   . . .      SeeInvis .   a - +0 rapier
rCold   . . .      Faith    .   (no shield)
rNeg    . . .      Spirit   .   b - +0 ring mail
rPois   .          Reflect  .   (no helmet)
rElec   .          Harm     .   (no cloak)
rCorr   .          Rampage  .   f - +1 pair of gloves
Will    .....                   (no boots)
Stlth   +.........              i - amulet of regeneration
HPRegen 0.91/turn               (no ring)
MPRegen 0.09/turn               (no ring)

@: hasted, very quick
A: fangs 1, strong nose, distributed training
a: no special abilities


You were on level 3 of the Dungeon.
You visited 1 branch of the dungeon, and saw 3 of its levels.

You collected 108 gold pieces.

Inventory:

Hand Weapons
 a - a +0 rapier (weapon)
Armour
 b - a +0 ring mail (worn)
 f - a +1 pair of gloves (worn)
Jewellery
 i - an amulet of regeneration (around neck)
Wands
 c - a wand of flame (13) (quivered)
 d - a wand of charming (14)
Potions
 g - a potion of brilliance {unknown}
 j - a potion of flight
 k - a potion of might {unknown}
 l - a potion of attraction
 m - a potion of curing
 n - a potion of resistance {unknown}
 o - a potion of degeneration {unknown}
Miscellaneous
 e - a piece from Xom's chessboard (10/15)


   Skills:
 + Level 2.8 Fighting
 + Level 1.2 Short Blades
 + Level 1.2 Long Blades
 + Level 1.2 Axes
 + Level 1.2 Maces & Flails
 + Level 1.2 Polearms
 + Level 1.2 Staves
 + Level 1.2 Slings
 + Level 1.2 Bows
 + Level 1.2 Crossbows
 + Level 1.2 Throwing
 + Level 4.6 Armour
 + Level 2.8 Dodging
 + Level 2.6 Stealth
 + Level 1.2 Shields
 + Level 1.2 Unarmed Combat
 + Level 1.2 Spellcasting
 + Level 1.0 Conjurations
 + Level 1.0 Hexes
 + Level 1.0 Summonings
 + Level 1.0 Necromancy
 + Level 1.0 Translocations
 + Level 1.0 Transmutations
 + Level 1.0 Fire Magic
 + Level 1.0 Ice Magic
 + Level 1.0 Air Magic
 + Level 1.0 Earth Magic
 + Level 1.0 Poison Magic
 + Level 1.3 Invocations
 + Level 6.6 Evocations


You had 5 spell levels left.
You didn't know any spells.
Your spell library contained the following spells:

 Spells                   Type           Power      Damage    Failure   Level
 Animate Skeleton         Necr           6%         N/A       38%         1
 Apportation              Tloc           6%         N/A       38%         1
 Beastly Appendage        Tmut           6%         N/A       38%         1
 Sting                    Tmut/Pois      12%        1d3       38%         1
 Summon Small Mammal      Summ           12%        N/A       38%         1
 Poisonous Vapours        Pois/Air       6%         N/A       52%         2
 Wereblood                Tmut           3%         N/A       52%         2
 Spider Form              Tmut/Pois      3%         N/A       77%         3
 Olgreb's Toxic Radiance  Pois           3%         N/A       99%         4


Dungeon Overview and Level Annotations

Branches:
Dungeon (3/15)

Altars:

Shops:
D:1 =

Annotations:
D:3 Ijyb, Terence


Innate Abilities, Weirdness & Mutations

You have very sharp teeth.
Your uncanny sense of smell can sniff out nearby items.
Your experience applies equally to all skills.


Message History

You close the door.
Found a stone staircase leading up.
There is a stone staircase leading down here.
You start resting.
HP restored.
You start waiting.
Done waiting.
Terence the Incautious comes into view.
He is wielding a +0 flail.
Terence shouts!
You make a move on Xom's chessboard...
Terence barely resists.
Terence closely misses you.
You make a move on Xom's chessboard...
Terence seems to grow stronger.
Terence closely misses you.
Unknown command.
You hit Terence but do no damage. Terence hits you with a +0 flail.
You barely miss Terence. Terence hits you with a +0 flail!
You hit Terence.
Terence is moderately wounded.
Terence hits you with a +0 flail.
You are too injured to fight recklessly!
You are too injured to fight recklessly!
You are too injured to fight recklessly!
You are too injured to fight recklessly!
You are too injured to fight recklessly!
You are too injured to fight recklessly!
You make a move on Xom's chessboard...
Nothing appears to happen.
Terence hits you but does no damage.
Unknown command.
You make a move on Xom's chessboard...
Nothing appears to happen.
Terence barely misses you.
Unknown command.
You make a move on Xom's chessboard...
Terence flickers and vanishes!
Deactivating autopickup; reactivate with Ctrl-A.
Something hits you!
* * * LOW HITPOINT WARNING * * *
Unknown command.
You aren't carrying any scrolls.
Unknown command.
You feel yourself speed up. Something hits you!
You die...

### ... #.### #.{.# #.# #@#
####### #.# #.# #......
#.#####.################ +......
.............>.......... #......
#.######......#########. #...)..
#.# #......#########. #......
#.######......#.........
#$.....###......+......#.########
#...........#####......#.#


There were no monsters in sight!

Vanquished Creatures
  A bullfrog skeleton (D:2)
  2 worms
  A dart slug (D:2)
  8 bats
  5 endoplasms
  2 giant cockroaches (D:1)
  3 goblins
  7 hobgoblins
  4 jackals (D:2)
  4 frilled lizards (D:1)
  7 kobolds
  3 rats
47 creatures vanquished.

Notes
Turn   | Place    | Note
-------+----------+-------------------------------------------
     0 | D:1      | Ijustatesigmund the Gnoll Artificer began the quest for the
                  | Orb.
     0 | D:1      | Reached XP level 1. HP: 17/17 MP: 1/1
     0 | D:1      | Noticed a vine stalker
     4 | D:1      | Noticed a demonspawn
     4 | D:1      | Noticed a vampire
     6 | D:1      | Noticed a barachi
     7 | D:1      | Noticed a demigod
    11 | D:1      | Noticed a vine stalker
    15 | D:1      | Noticed a naga
    15 | D:1      | Noticed a demonspawn
    15 | D:1      | Noticed a demigod
    17 | D:1      | Noticed a vine stalker
    17 | D:1      | Noticed an octopode
    19 | D:1      | Noticed a merfolk
    21 | D:1      | Noticed a formicid
   594 | D:1      | Reached XP level 2. HP: 21/23 MP: 2/2
   947 | D:1      | Found Hyroclex's Jewellery Shoppe.
  1224 | D:1      | Reached XP level 3. HP: 28/28 MP: 3/3
  1343 | D:1      | Found a faded altar of an unknown god.
  1785 | D:2      | Reached skill level 1 in Short Blades
  1785 | D:2      | Reached skill level 1 in Long Blades
  1785 | D:2      | Reached skill level 1 in Axes
  1785 | D:2      | Reached skill level 1 in Maces & Flails
  1785 | D:2      | Reached skill level 1 in Polearms
  1785 | D:2      | Reached skill level 1 in Staves
  1785 | D:2      | Reached skill level 1 in Slings
  1785 | D:2      | Reached skill level 1 in Bows
  1785 | D:2      | Reached skill level 1 in Crossbows
  1785 | D:2      | Reached skill level 1 in Throwing
  1785 | D:2      | Reached skill level 1 in Shields
  1785 | D:2      | Reached skill level 1 in Unarmed Combat
  1785 | D:2      | Reached skill level 1 in Spellcasting
  1785 | D:2      | Reached skill level 1 in Invocations
  1785 | D:2      | Reached XP level 4. HP: 12/34 MP: 3/5
  2877 | D:3      | Noticed Ijyb
  2889 | D:3      | Reached skill level 1 in Conjurations
  2889 | D:3      | Reached skill level 1 in Hexes
  2889 | D:3      | Reached skill level 1 in Summonings
  2889 | D:3      | Reached skill level 1 in Necromancy
  2889 | D:3      | Reached skill level 1 in Translocations
  2889 | D:3      | Reached skill level 1 in Transmutations
  2889 | D:3      | Reached skill level 1 in Fire Magic
  2889 | D:3      | Reached skill level 1 in Ice Magic
  2889 | D:3      | Reached skill level 1 in Air Magic
  2889 | D:3      | Reached skill level 1 in Earth Magic
  2889 | D:3      | Reached skill level 1 in Poison Magic
  3054 | D:3      | Noticed Terence
  3063 | D:3      | Mangled by Terence

Illustrated notes

Levels and vault maps discovered:
D:1:      shiori_arrival_whats_in_store_for_you, layout_basic, serial_shops,
          nicolae_shop_trees, hellmonk_ecumenical_altar_heavens_door
D:2:      layout_basic, minmay_between
D:3:      layout_basic, mainiacjoe_overflow_concentric_impassable, uniq_robin,
          uniq_terence, uniq_ijyb

Skill      XL: |  1  2  3  4 |
---------------+-------------+-----
Short Blades   | 1 |  1.2
Long Blades    | 1 |  1.2
Axes           | 1 |  1.2
Maces & Flails | 1 |  1.2
Polearms       | 1 |  1.2
Staves         | 1 |  1.2
Slings         | 1 |  1.2
Bows           | 1 |  1.2
Crossbows      | 1 |  1.2
Throwing       | 1 |  1.2
Shields        | 1 |  1.2
Unarmed Combat | 1 |  1.2
Spellcasting   | 1 |  1.2
Invocations    | 1 |  1.3
Conjurations   | 1 |  1.0
Hexes          | 1 |  1.0
Summonings     | 1 |  1.0
Necromancy     | 1 |  1.0
Translocations | 1 |  1.0
Transmutations | 1 |  1.0
Fire Magic     | 1 |  1.0
Ice Magic      | 1 |  1.0
Air Magic      | 1 |  1.0
Earth Magic    | 1 |  1.0
Poison Magic   | 1 |  1.0
Fighting       | |  2.8
Armour         | |  4.6
Dodging        | |  2.8
Stealth        | |  2.6
Evocations     | |  6.6

Action                   |  1- 3 |  4- 6 || total
-------------------------+-------+-------++-------
Melee: Club              |   134 |    45 ||   179
       Bite              |     8 |     6 ||    14
       Rapier            |       |    36 ||    36
       Punch             |       |     1 ||     1
Evoke: Piece from Xom's  |       |     5 ||     5
       Wand              |       |     3 ||     3
  Use: Scroll            |     6 |     2 ||     8
       Potion            |       |     1 ||     1
 Stab: Sleeping          |     1 |     1 ||     2
Armor: Ring mail         |    66 |    55 ||   121
Dodge: Dodged            |    86 |    68 ||   154

Table legend: (Time is in decaauts)
 A = Elapsed time spent in this place.
 B = Non-inter-level travel time spent in this place.
 C = Inter-level travel time spent in this place.
 D = Time resting spent in this place.
 E = Time spent auto-exploring this place.
 F = Levels seen in this place.
 G = Mean time per level.
                   A        B        C        D        E       F      G
               +--------+--------+--------+--------+--------+-----+--------+
         Total |   3115 |   3051 |     64 |    823 |   1712 |   3 | 1038.3 |
       Dungeon |   3115 |   3051 |     64 |    823 |   1712 |   3 | 1038.3 |
               +--------+--------+--------+--------+--------+-----+--------+

Top non-repeatable levels by time:
     D:1: 1746 daAuts
     D:2: 1083 daAuts
     D:3: 285 daAuts
